[Event "Live Chess"]
[Site "Chess.com"]
[Date "2024.06.01"]
[Round "-"]
[White "MellowAesthetic"]
[Black "IanCalvert2"]
[Result "1-0"]
[WhiteElo "2078"]
[BlackElo "1509"]
[TimeControl "300"]
[EndTime "11:58:48 PDT"]
[Termination "MellowAesthetic won on time"]

1. e4 d5 2. exd5 Qxd5 3. Nc3 Qd6 4. d4 Nf6 5. Nf3 c6 6. Ne5 Nbd7 7. Nc4 Qc7 8. g3 Nb6 9. Ne5 Nbd5 10. Bg2 e6 11. O-O Nxc3 12. bxc3 Bd6 13. Nc4 O-O 14. Nxd6 Qxd6 15. a4 Rd8 16. Bg5 h6 17. Bxf6 gxf6 18. Qh5 Kg7 19. Rfe1 f5 20. g4 Qf4 21. gxf5 Qxf5 22.
Qxf5 exf5 23. Re7 Rd7 24. Rae1 Rxe7 25. Rxe7 a5 26. Re8 f6 27. Bf3 Kf7 28. Bh5+ Kg7 29. Bf3 Kf7 30. Rh8 Kg7 31. Rd8 Kf7 32. c4 Ke7 33. Rh8 Rb8 34. c5 Kd7 35. Rxh6 b5 36. cxb6 Rxb6 37. Rxf6 Bb7 38. Rxf5 Rb4 39. Rxa5 Rxd4 40.
Rc5 Rxa4 41. Kg2 Rf4 42. Kg3 Rf8 43. h4 1-0

[Event "Live Chess"]
[Site "Chess.com"]
[Date "2024.06.01"]
[Round "-"]
[White "gmnorfolk"]
[Black "stevochess11"]
[Result "1-0"]
[WhiteElo "2082"]
[BlackElo "1674"]
[TimeControl "300"]
[EndTime "11:58:54 PDT"]
[Termination "gmnorfolk won by checkmate"]

1. d4 Nf6 2. Nc3 d5 3. Bf4 c5 4. e4 Nxe4 5. Nxe4 dxe4 6. dxc5 Qxd1+ 7. Rxd1 Nc6 8. Bb5 Bd7 9. c3 g6 10. Ne2 Bg7 11. O-O O-O 12. Rxd7 Rfd8 13. Rfd1 Rxd7 14. Rxd7 e5 15. Bxc6 bxc6 16. Be3 Rb8 17. b4 f5 18.
g3 a5 19. a3 axb4 20. axb4 Ra8 21. Rc7 Ra1+ 22. Nc1 Ra6 23. c4 f4 24. b5 cxb5 25.
cxb5 Ra1 26. b6 fxe3 27. fxe3 Rxc1+ 28. Kf2 Rc2+ 29. Ke1 Bh6 30. b7 Rb2 31. Rc8+ Kf7 32. b8=Q Rxb8 33. Rxb8 Bxe3 34. Ke2 Bxc5 35. Rb7+ Ke6 36.
Rxh7 Kf5 37. Rf7+ Kg4 38. Rc7 Bd4 39. Rc2 Kh3 40. Kf1 g5 41. Re2 e3 42. Kg1 Kg4 43. Kg2 e4 44. h3+ Kf5 45. Ra2 Be5 46. Ra5 Ke6 47.
g4 Bf4 48. Kf1 Bd6 49. Ke2 Bf4 50. Ra4 Kd5 51. Ra3 Kd4 52. Ra5 Kc4 53. Rf5 Kd4 54. h4 gxh4 55. Rxf4 Ke5 56. Rf1 Kd4 57. g5 h3 58. g6 h2 59. g7 h1=N 60. Rxh1 Kc3 61. g8=Q Kc2 62. Qc8+ Kb3 63. Rh7 Ka2 64. Rb7 Ka3 65.
Qa8# 1-0

[Event "Live Chess"]
[Site "Chess.com"]
[Date "2024.06.01"]
[Round "-"]
[White "gobbles19"]
[Black "Tushinskiy"]
[Result "0-1"]
[WhiteElo "2181"]
[BlackElo "2225"]
[TimeControl "300"]
[EndTime "11:59:00 PDT"]
[Termination "Tushinskiy won by resignation"]

1. e4 e5 2. Nf3 d6 3. d4 Bg4 4.
Be2 Nd7 5. c3 Ngf6 6. Nbd2 Be7 7. O-O O-O 8. Re1 Re8 9. h3 Bh5 10. Qc2 Bg6 11. Bd3 c6 12. Nf1 Qc7 13. Ng3 Bf8 14. Nh4 Rad8 15. Ngf5 a6 16. a4 d5 17. exd5 Nxd5 18. Nxg6 hxg6 19. Ng3 exd4 20. Rxe8 Rxe8 21.
Bd2 dxc3 22. bxc3 Nc5 23. Bc4 Bd6 24. Nf1 Bf4 25. Bxd5 cxd5 26. Ne3 Bxe3 27. Bxe3 Ne4 28. Bd4 Qc4 29. Rb1 Rc8 30. Rxb7 Qxd4 31. Rb8 Qc4 0-1

[Event "Live Chess"]
[Site "Chess.com"]
[Date "2024.06.01"]
[Round "-"]
[White "Duke_of_Bebington"]
[Black "SavagePawn7"]
[Result "1-0"]
[WhiteElo "1599"]
[BlackElo "683"]
[TimeControl "300"]
[EndTime "11:59:05 PDT"]
[Termination "Duke_of_Bebington won by resignation"]

1. d4 e5 2. dxe5 d6 3. Nf3 dxe5 4. Qxd8+ Kxd8 5. Nxe5 Be6 6. Nc3 Nc6 7. Bf4 Nf6 8.
O-O-O+ Bd6 9. Nxc6+ bxc6 10. Bxd6 cxd6 11. Rxd6+ Kc7 12.
Rd4 Rad8 13. e3 Rxd4 14. exd4 Nd5 15. Nxd5+ Bxd5 16. f3 Bxa2 17. b3 Rb8 18. Kb2 Bxb3 19. cxb3 a5 20. Ka3 Kb6 21. Bc4 c5 22. dxc5+ Kxc5 23. Bxf7 Kd4 24. Rd1+ Kc3 25. Rc1+ Kd2 26. Rc7 a4 27.
Kxa4 Ra8+ 28. Kb4 Ra1 29. h3 Rg1 30. g4 Rg3 31. Bd5 Rxh3 32. Rxg7 Ke2 33. Be4 Rh6 34. Rxh7 Rxh7 35. Bxh7 Kxf3 36. g5 1-0

[Event "Live Chess"]
[Site "Chess.com"]
[Date "2024.06.01"]
[Round "-"]
[White "NottheBishopSacrifice"]
[Black "Thebigsqueeze"]
[Result "1-0"]
[WhiteElo "2295"]
[BlackElo "2304"]
[TimeControl "300"]
[EndTime "11:59:43 PDT"]
[Termination "NottheBishopSacrifice won by resignation"]

1. d4 Nf6 2. c4 e6 3. Nf3 Bb4+ 4. Nbd2 O-O 5. a3 Bxd2+ 6. Qxd2 d6 7. e3 Qe7 8. Be2 e5 9. O-O e4 10. Ne1 c6 11. b3 d5 12. Bb2 Bf5 13. a4 Nbd7 14. Ba3 Qe6 15. Bxf8 Rxf8 16. cxd5 cxd5 17. Nc2 Bg4 18.
Nb4 Bxe2 19. Qxe2 a5 20. Na2 Ng4 21. h3 Nh6 22. Nc3 f5 23. Nb5 f4 24. exf4 Rxf4 25. Rac1 Rf8 26. Nc7 Qd6 27. Qb5 Nf6 28. Qc5 Qd7 29.
Nb5 Nf5 30. Qc7 Qe8 31. Nd6 Qg6 32. Nxf5 Qxf5 33. Qe5 Qxe5 34. dxe5 Nd7 35. Rfd1 Nxe5 36. Rxd5 Nd3 37. Rc7 Nxf2 38. Rdd7 1-0

[Event "Live Chess"]
[Site "Chess.com"]
[Date "2024.06.01"]
[Round "-"]
[White "Dhaydon19"]
[Black "ACM42"]
[Result "1-0"]
[WhiteElo "2693"]
[BlackElo "2214"]
[TimeControl "300"]
[EndTime "11:59:49 PDT"]
[Termination "Dhaydon19 won by resignation"]

1. c4 Nf6 2. Nf3 g6 3. g3 Bg7 4. Bg2 O-O 5. O-O d6 6. Nc3 c5 7. d4 Nc6 8. d5 Na5 9. Qd3 a6 10.
Nd2 b5 11. cxb5 axb5 12. Nxb5 Ba6 13. a4 Rb8 14. Nc4 Nxc4 15. Qxc4 Qb6 16. Bd2 Nd7 17. Bc3 Ne5 18. Qe4 Rfe8 19. Bh3 f5 20. Qe3 Bxb5 21. axb5 c4 22. Bd4 Qxb5 23. f4 Nf7 24. Bxg7 Kxg7 25.
Qd4+ Kg8 26. e4 Qxb2 27. Qxb2 Rxb2 28. exf5 Rd2 29. fxg6 hxg6 30. Be6 Kg7 31. Rf2 Rxf2 32. Kxf2 Nd8 33. Bd7 Rf8 34. Rc1 Nf7 35. Rxc4 Nh6 36. Rc7 Rf7 37. Be6 1-0

[Event "Live Chess"]
[Site "Chess.com"]
[Date "2024.06.01"]
[Round "-"]
[White "SimonB4a"]
[Black "grillage"]
[Result "1-0"]
[WhiteElo "2174"]
[BlackElo "1879"]
[TimeControl "300"]
[EndTime "11:59:52 PDT"]
[Termination "SimonB4a won by resignation"]

1. d4 e6 2. c4 Bb4+ 3. Bd2 Bxd2+ 4. Nxd2 Nf6 5. g3 d6 6. Bg2 Qe7 7. Ngf3 e5 8. O-O O-O 9. e4 Bg4 10. Qc2 Nc6 11. d5 Nb8 12. b4 a5 13. a3 Nbd7 14. h3 Bxf3 15. Nxf3 Ra7 16. Rfc1 Rfa8 17. Rab1 axb4 18. axb4 b6 19. Ne1 Ne8 20. Nd3 Ra2 21. Rb2 R2a4 22. c5 bxc5 23. bxc5 Ndf6 24. cxd6 cxd6 25.
Nb4 Nd7 26. Nc6 Qf6 27. Rcb1 Nc5 28. Rb8 Kf8 29. Kh2 Ra2 30. R1b2 R2a4 31. Rxa8 Rxa8 32. Qb1 Nd3 33. Qxd3 1-0

[Event "Live Chess"]
[Site "Chess.com"]
[Date "2024.06.01"]
[Round "-"]
[White "DoctorMantisTobogganMD"]
[Black "Queensandpawns"]
[Result "0-1"]
[WhiteElo "2190"]
[BlackElo "2427"]
[TimeControl "300"]
[EndTime "11:59:55 PDT"]
[Termination "Queensandpawns won by resignation"]

1. e4 e5 2. Nc3 Nf6 3. Bc4 Bc5 4.
d3 c6 5. f4 d5 6. fxe5 Ng4 7. e6 Bxe6 8. exd5 Nf2 9. Qf3 cxd5 10.
Bb5+ Nc6 11. Na4 Nxh1 12. Nxc5 Qa5+ 13. Bd2 Qxb5 14. Nxe6 fxe6 15. O-O-O O-O-O 16. Nh3 Qa4 17. Kb1 Nd4 18. Qg4 h5 19. Qh4 Qxc2+ 20. Ka1 Qxd1+ 0-1

[Event "Live Chess"]
[Site "Chess.com"]
[Date "2024.06.01"]
[Round "-"]
[White "Crowded_House"]
[Black "LL220284LL"]
[Result "0-1"]
[WhiteElo "1743"]
[BlackElo "2562"]
[TimeControl "300"]
[EndTime "12:00:36 PDT"]
[Termination "LL220284LL won by checkmate"]

1. d4 c6 2. c3 g6 3. Bg5 Bg7 4. e3 Qb6 5. Qb3 d5 6. Qxb6 axb6 7. Nf3 Nd7 8. Nbd2 Ngf6 9. Bd3 b5 10. a3 O-O 11. O-O Nb6 12. Rfe1 Re8 13. e4 dxe4 14. Nxe4 Nxe4 15. Bxe4 Nc4 16. Reb1 e5 17. dxe5 Nxe5 18. Nxe5 Rxe5 19. Bxc6 bxc6 20. Bd2 Bf5 21. Re1 Rxe1+ 22.
Bxe1 Re8 23. Rd1 h5 24. Kf1 Bc2 25. Rd2 Bb3 26. Rd6 Bc4+ 27. Kg1 Rxe1# 0-1

[Event "Live Chess"]
[Site "Chess.com"]
[Date "2024.06.01"]
[Round "-"]
[White "Hoogleboogle"]
[Black "ossie57"]
[Result "0-1"]
[WhiteElo "1322"]
[BlackElo "1647"]
[TimeControl "300"]
[EndTime "12:00:41 PDT"]
[Termination "ossie57 won by resignation"]

1. d4 Nf6 2. c4 g6 3. Nc3 Bg7 4. Bg5 d6 5. e3 h6 6. Bh4 O-O 7. Nf3 g5 8. Bg3 Nbd7 9. Bd3 b6 10. Rc1 Re8 11. Nd5 Nxd5 12. cxd5 c5 13. Rxc5 bxc5 14. Qc2 Qa5+ 15. Nd2 cxd4 16. exd4 Ba6 17. Bxa6 Qxa6 18. Nc4 Rac8 19. b3 Nb6 20. O-O Nxc4 21. bxc4 Qxc4 22.
Qb3 Qxb3 23. axb3 Bxd4 24. Re1 Rb8 25. b4 Rxb4 26. Bxd6 Rb6 27. Bc7 Rb7 28. d6 Rxc7 29.
dxc7 Rc8 30. Rxe7 Bb6 31. g3 Rxc7 32. Rxc7 Bxc7 33. Kf1 a5 34. Ke2 a4 35. Kd2 a3 36. Kc2 Kg7 37. f3 Kg6 38. g4 Kf6 39.
Kb3 Bd6 40. h3 Ke5 41. Ka2 Kf4 0-1

[Event "Live Chess"]
[Site "Chess.com"]
[Date "2024.06.01"]
[Round "-"]
[White "FortunatusMax"]
[Black "Mangoalo"]
[Result "0-1"]
[WhiteElo "904"]
[BlackElo "1035"]
[TimeControl "300"]
[EndTime "12:00:46 PDT"]
[Termination "Mangoalo won by checkmate"]

1. e4 d5 2. exd5 Qxd5 3. Nc3 Qa5 4. a3 Nf6 5. b4 Qb6 6. Be2 c5 7. Nf3 cxb4 8. axb4 Qxb4 9. Rb1 Qa5 10. O-O e6 11. Bb5+ Bd7 12. Bxd7+ Nbxd7 13. h3 h6 14. Qe2 Bb4 15.
Qc4 Bxc3 16. dxc3 b6 17. Bf4 O-O 18. Bd6 Rfc8 19. Qb4 Qxb4 20. Bxb4 a5 21. Ba3 Rxc3 22. Bb2 Rxc2 23. Nd4 Rc4 24. Nb5 Rac8 25. Rbc1 Nd5 26. Nd6 Rxc1 27. Nxc8 Rxf1+ 28. Kxf1 b5 29. g4 b4 30. Be5 Nxe5 31. Nd6 b3 32. Ke1 Nd3+ 33. Kd2 b2 34. Kc2 a4 35. Nc4 Nxf2 36. Nxb2 a3 37. Nc4 Nxh3 38. Nxa3 Nf2 39. Nc4 Nxg4 40. Nb2 Nge3+ 41.
Kd3 Nf5 42. Ke4 h5 43. Kf3 g5 44. Nd3 Kg7 45. Ne5 Kf6 46. Nd7+ Ke7 47. Ne5 f6 48. Ng6+ Kf7 49. Nh8+ Kg7 50. Ng6 Kxg6 51. Kg2 Nd4 52.
Kg3 e5 53. Kf2 e4 54. Ke1 e3 55. Kf1 f5 56. Ke1 f4 57. Kf1 g4 58. Kg1 h4 59.
Kg2 f3+ 60. Kf1 e2+ 61. Kf2 Ne3 62. Ke1 Ndc2+ 63. Kd2 e1=Q+ 64. Kd3 Qd1+ 65. Ke4 Qd5+ 66. Kf4 Qf5# 0-1

[Event "Live Chess"]
[Site "Chess.com"]
[Date "2024.06.01"]
[Round "-"]
[White "MagnersCarlsberg2870"]
[Black "Colm_Buckley"]
[Result "0-1"]
[WhiteElo "1867"]
[BlackElo "1830"]
[TimeControl "300"]
[EndTime "12:00:52 PDT"]
[Termination "Colm_Buckley won by resignation"]

1. Nf3 Nf6 2. g3 d5 3. d3 c5 4. Bg2 Nc6 5. Nbd2 Bg4 6. O-O e6 7. h3 Bxf3 8. Bxf3 Bd6 9. e4 dxe4 10. dxe4 Qc7 11. Nc4 Be5 12. Nxe5 Nxe5 13. Bg2 Rd8 14. Qe2 O-O 15. Bf4 Nfd7 16. Rad1 Qb6 17. b3 Nc6 18. Bd6 Rfe8 19. Qh5 Nf6 20. Qxc5 Qxc5 21. Bxc5 b6 22. Be3 Nb4 23. c3 Nxa2 24. c4 Nb4 25. f4 h6 26. Ra1 Nc2 27. Rae1 Rd3 28. Bc1 Rxg3 29.
Rd1 Rxb3 30. e5 Nh5 31. Rd7 Ng3 32. Rfd1 Ne2+ 33. Kh1 Nxf4 34. Rxa7 Nxg2 35. Kxg2 Ne3+ 36. Bxe3 Rxe3 37. Rf1 Rf8 38. Rb7 Rxe5 39. Rxb6 Rc5 40. Rc1 Rfc8 41. Rb4 g5 42. Kf3 Kg7 43. Ke4 f5+ 44.
Kd4 Kf6 45. Rb6 h5 46. Re1 R5c6 47. Rb4 g4 48. hxg4 hxg4 49. Rh1 f4 50. Rh6+ Kg5 51. Rh7 Rc5 52. Rg7+ Kf5 53. Rf7+ Kg5 54. Rg7+ Kf6 55. Rxg4 e5+ 56. Kd3 Kf5 57. Rg7 R8c7 58. Rxc7 Rxc7 59. Ke2 Rc5 60. Kf3 e4+ 61. Kf2 Ke5 62.
Ra4 Kd4 63. Ke2 Rxc4 64. Ra8 Rc2+ 65. Kd1 Rg2 66. Rd8+ Ke3 67. Ra8 Rg1+ 68. Kc2 f3 69. Ra3+ Kf4 70. Ra8 f2 71. Rf8+ Ke3 72. Kb3 f1=Q 0-1

[Event "Live Chess"]
[Site "Chess.com"]
[Date "2024.06.01"]
[Round "-"]
[White "Ninifu"]
[Black "Bob2pen"]
[Result "1-0"]
[WhiteElo "2015"]
[BlackElo "1879"]
[TimeControl "300"]
[EndTime "12:00:53 PDT"]
[Termination "Ninifu won by resignation"]

1. d4 Nf6 2. c4 c5 3. d5 e6 4. Nc3 exd5 5. cxd5 d6 6. e4 g6 7. f4 Bg7 8. Nf3 O-O 9. Be2 a6 10. a4 Bg4 11. O-O Nbd7 12. h3 Bxf3 13. Bxf3 Rb8 14.
g4 b5 15. Qc2 b4 16. Nd1 Nb6 17. a5 Na8 18. Ne3 Nc7 19. Nc4 Nb5 20. Be3 Nd7 21. e5 dxe5 22. fxe5 Nxe5 23. Bxc5 Nd4 24. Qe4 Nexf3+ 25. Rxf3 Re8 26. Qd3 Qxd5 27. Bxd4 Bxd4+ 28. Kg2 Rbc8 29. Nb6 Qxf3+ 30. Kxf3 Rcd8 31. Rd1 Bxb2 32. Qxd8 Rxd8 33. Rxd8+ Kg7 34. g5 Bc1 35. h4 b3 36. Nd5 b2 37. Nf6 1-0

[Event "Live Chess"]
[Site "Chess.com"]
[Date "2024.06.01"]
[Round "-"]
[White "LanceMaster23"]
[Black "NeilDruggan73"]
[Result "0-1"]
[WhiteElo "1795"]
[BlackElo "1728"]
[TimeControl "300"]
[EndTime "12:00:56 PDT"]
[Termination "NeilDruggan73 won by resignation"]

1. Nf3 Nf6 2. d4 g6 3. Bf4 Bg7 4. e3 d6 5. Be2 O-O 6. O-O Nh5 7. Bg3 Nxg3 8. hxg3 c6 9. c3 b5 10. a4 Bd7 11.
axb5 cxb5 12. Nbd2 a5 13. Re1 Bc6 14. Qc2 Nd7 15. e4 f5 16. d5 Bb7 17. Ng5 b4 18. Ne6 Qc8 19. Nxf8 Kxf8 20. exf5 Bxd5 21. fxg6 h6 22.
Qf5+ Nf6 23. c4 Qxf5 24. cxd5 Ng4 25. Bf3 Bd4 26. Re2 Qh5 27. Bxg4 Qxg4 28. Nf3 Rc8 29. Rxa5 Rc1+ 30. Re1 Rxe1+ 31. Nxe1 Qxg3 32. Nf3 Qxf2+ 33.
Kh2 Be5+ 34. Nxe5 dxe5 35. Rb5 Qf4+ 36. Kg1 Kg7 37. Rb7 Kxg6 38. Rxe7 Qd4+ 39. Kf1 Qf4+ 40. Kg1 Qc1+ 41. Kf2 Qxb2+ 42. Kf3 Qc3+ 43. Kf2 Qc5+ 44. Kg3 Qxe7 0-1

[Event "Live Chess"]
[Site "Chess.com"]
[Date "2024.06.01"]
[Round "-"]
[White "KeithArkell"]
[Black "cymbalshift"]
[Result "1-0"]
[WhiteElo "2501"]
[BlackElo "1787"]
[TimeControl "300"]
[EndTime "12:01:14 PDT"]
[Termination "KeithArkell won by resignation"]

1. d4 Nf6 2. Nf3 e6 3. c4 c5 4. d5 exd5 5. cxd5 d6 6. Nc3 g6 7. Nd2 Bg7 8. Nc4 O-O 9. Bf4 Ne8 10. g3 Na6 11. Bg2 Nac7 12. a4 a6 13. a5 Rb8 14.
O-O b5 15. axb6 Nb5 16. Qd2 Nd4 17. Ra3 Rxb6 18. Nxb6 Qxb6 19. e3 Nb3 20. Qc2 c4 21. Rd1 Bg4 22. Re1 Nf6 23. h3 Bf5 24. e4 Re8 25.
Be3 Nd4 26. Qd2 Nxe4 27. Nxe4 Bxe4 28. Bxd4 Bxd4 29. Rxe4 1-0

[Event "Live Chess"]
[Site "Chess.com"]
[Date "2024.06.01"]
[Round "-"]
[White "Stanbad1"]
[Black "KwikPhoenix"]
[Result "0-1"]
[WhiteElo "2679"]
[BlackElo "2456"]
[TimeControl "300"]
[EndTime "12:01:30 PDT"]
[Termination "KwikPhoenix won by resignation"]

1. d4 f5 2. Nc3 e6 3. Bg5 Qxg5 4.
Nf3 Qd8 5. e4 fxe4 6. Nxe4 Nf6 7. Ng3 d6 8. Bd3 Nc6 9. c3 e5 10. Qe2 Qe7 11. O-O-O e4 12. Nxe4 Nxe4 13. Bxe4 d5 14.
Bd3 Qxe2 15. Bxe2 Bg4 16. h3 Bxf3 17. Bxf3 O-O-O 18. Rhe1 Bd6 19. Kc2 Bf4 20. Bg4+ Kb8 21. b4 a6 22. a4 Rhe8 23. b5 axb5 24. axb5 Na5 25. Bf5 g6 26. Bg4 Nc4 27. Kb3 Nd6 28. b6 cxb6 29. f3 Nc4 30. Be6 Kc7 31. Bf7 Rxe1 32.
Rxe1 Rd7 33. Bg8 b5 34. Kb4 Bd6+ 35. Kxb5 Na3+ 36. Ka4 Kc6 37. Re8 Nc4 38. Kb3 Bc7 39.
Rf8 b5 40. Rf6+ Bd6 41. h4 Ra7 42. h5 gxh5 43. Rh6 Ra3+ 44. Kc2 Ra2+ 45. Kb1 Rb2+ 46.
Ka1 Rxg2 47. Bxh7 Rh2 48. Bg8 h4 49. Rh5 Nb6 50. Be6 Ba3 51. f4 Bb2+ 52. Kb1 Na4 53.
Bxd5+ Kb6 54. Ka2 Nxc3+ 55. Kb3 Nxd5 56. Rxd5 Bc1 57. f5 Rf2 58. Rd6+ Kc7 59. Rh6 Bxh6 0-1

[Event "Live Chess"]
[Site "Chess.com"]
[Date "2024.06.01"]
[Round "-"]
[White "CarmelJane"]
[Black "grandmaster1707"]
[Result "1-0"]
[WhiteElo "2083"]
[BlackElo "1470"]
[TimeControl "300"]
[EndTime "12:01:37 PDT"]
[Termination "CarmelJane won on time"]

1. e4 c5 2. Nf3 g6 3. c3 Bg7 4.
d4 cxd4 5. cxd4 d6 6. Nc3 Nf6 7. h3 O-O 8. Bg5 b6 9. Be2 Bb7 10. Bd3 Nbd7 11. O-O h6 12. Bd2 e5 13. d5 Nh5 14. Be3 Nf4 15. Bxf4 exf4 16. Nb5 Ne5 17. Nxe5 Bxe5 18. Rb1 Bc8 19. b3 a6 20. Na3 b5 21.
Nc2 Kh7 22. Ne1 f5 23. Nf3 fxe4 24. Bxe4 Bf5 25. Qd3 Qf6 26. Rbc1 Rae8 27. Rc6 h5 28. Nxe5 Rxe5 29. Bxf5 Rxf5 30. Re1 f3 31. g3 Rg5 32. Kh2 h4 33. g4 Qf4+ 34. Kh1 Rxg4 35. Rc7+ Kh6 36.
Qe3 Qxe3 37. Rxe3 Rd4 38. Rcc3 Rxd5 39. Rxf3 Rxf3 40. Rxf3 Rd2 41. Kg2 g5 42. Rf6+ Kh5 43. a4 bxa4 44. bxa4 a5 45. Rf5 d5 46. Kf3 Kg6 47. Re5 Rd4 48. Ke3 Rxa4 49. Rxd5 Ra3+ 50. Ke2 Rc3 51. Rxa5 Rxh3 52. Ra6+ Kh5 53. Ra8 Rb3 54.
Rh8+ Kg4 55. Re8 h3 56. Re4+ Kf5 57. Re8 g4 58. Rf8+ Kg5 59. Rh8 Kf4 60. Rf8+ Kg5 61. Rg8+ Kf4 62. Rh8 Kg5 63. Kd2 Kf4 64. Kc2 Rf3 65.
Rf8+ Kg5 66. Rg8+ Kf4 67. Rf8+ Ke4 68. Re8+ Kd5 69. Rd8+ Ke6 70. Re8+ Kf7 71. Rh8 Rxf2+ 72. Kd3 h2 73. Ke3 g3 74. Rh7+ Kg6 75. Rh3 Rg2 76. Kf3 Rg1 77. Kf4 1-0

[Event "Live Chess"]
[Site "Chess.com"]
[Date "2024.06.01"]
[Round "-"]
[White "Thebigsqueeze"]
[Black "Cruiseylee78"]
[Result "1-0"]
[WhiteElo "2305"]
[BlackElo "1706"]
[TimeControl "300"]
[EndTime "12:01:53 PDT"]
[Termination "Thebigsqueeze won by resignation"]

1. d4 d5 2. c4 Bf5 3. cxd5 Qxd5 4. Nc3 Qa5 5. Qb3 Qb6 6. e4 Bg6 7. Nd5 Qc6 8. Bb5 Bxe4 9. Bxc6+ bxc6 10. Nxc7+ Kd8 11.
Nxa8 1-0

[Event "Live Chess"]
[Site "Chess.com"]
[Date "2024.06.01"]
[Round "-"]
[White "A3ndrey9"]
[Black "elephantgerrald"]
[Result "0-1"]
[WhiteElo "1272"]
[BlackElo "786"]
[TimeControl "300"]
[EndTime "12:02:18 PDT"]
[Termination "elephantgerrald won on time"]

1. Nf3 d5 2. d4 Nc6 3. g3 Bg4 4.
Bg2 Bxf3 5. Bxf3 Nf6 6. Bf4 e6 7.
O-O Bd6 8. Bg5 O-O 9. Re1 h6 10.
Bxf6 Qxf6 11. e4 dxe4 12. Bxe4 e5 13. d5 Nd4 14. c4 Rac8 15. Nc3 c5 16. a3 b6 17. Nb5 Ra8 18. Nxd6 Qxd6 19. Rb1 a5 20.
Qd3 f6 21. Bh7+ Kf7 22. Qg6+ Ke7 23. Qxg7+ Ke8 24. Bg6+ Kd8 25. Qb7 Rb8 26. Qg7 Nf3+ 27. Kg2 Nxe1+ 28. Rxe1 b5 29. Qa7 f5 30. Qxa5+ Rb6 31.
cxb5 Qxg6 32. Qa8+ Ke7 33. Qa7+ Ke8 34. Rxe5+ Kd8 35.
Qe7+ Kc8 36. Qxc5+ Kd8 37. Qxf8+ Kd7 38. Re7+ Kd6 39. Qd8+ Kc5 40. a4 Rd6 41. Qc7+ Kxd5 42. Qb7+ Kc5 43. Rc7+ Kb4 0-1

[Event "Live Chess"]
[Site "Chess.com"]
[Date "2024.06.01"]
[Round "-"]
[White "OurKnightAtTheOpera"]
[Black "degringolade64"]
[Result "0-1"]
[WhiteElo "2017"]
[BlackElo "2061"]
[TimeControl "300"]
[EndTime "12:02:21 PDT"]
[Termination "degringolade64 won by resignation"]

1. e4 e5 2. Bc4 Nf6 3. d3 Bc5 4. Nf3 d6 5. O-O h6 6. c3 c6 7. a4 a5 8. Nbd2 O-O 9. h3 Re8 10.
Re1 Nbd7 11. Nf1 Nf8 12. Ng3 Qc7 13. Nh4 d5 14. Ba2 Be6 15. Nhf5 dxe4 16. dxe4 Bxa2 17. Rxa2 Ng6 18. Qf3 Nf4 19. Ne2 Nxe2+ 20. Rxe2 Qd8 21. Qg3 Qd1+ 22. Kh2 g6 23. Nxh6+ Kf8 24. b4 Qxc1 25. bxc5 Qxh6 26. Rab2 Re7 27. f3 Qf4 28. Qxf4 exf4 29. Rb6 Rd8 30. Reb2 Rdd7 31. g3 fxg3+ 32. Kg2 Ne8 33.
Kxg3 Ng7 34. Kf4 Ne6+ 35. Ke3 Nxc5 36. Ra2 Rd3+ 37. Ke2 Red7 38. Rbb2 Rxc3 39. Rc2 Rxc2+ 40. Rxc2 b6 41. Ra2 Rd4 42. Rb2 Nxa4 43. Rc2 c5 44. Ra2 Nc3+ 0-1

[Event "Live Chess"]
[Site "Chess.com"]
[Date "2024.06.01"]
[Round "-"]
[White "Ksenia_2013"]
[Black "Duke_of_Bebington"]
[Result "0-1"]
[WhiteElo "766"]
[BlackElo "1599"]
[TimeControl "300"]
[EndTime "12:02:40 PDT"]
[Termination "Duke_of_Bebington won by checkmate"]

1. e4 e5 2. Nf3 Nf6 3. Bc4 Nc6 4. Ng5 d5 5. exd5 Nd4 6. d6 Qxd6 7. Nxf7 Qc6 8.
Nxh8 Qxg2 9. Bf7+ Kd8 10. Rf1 Nf3+ 11. Ke2 Bg4 12. Bd5 Nxd5 13. Nf7+ Ke8 14. Nxe5 Nxe5+ 15. Ke1 Bxd1 16. Kxd1 Qxf1# 0-1

[Event "Live Chess"]
[Site "Chess.com"]
[Date "2024.06.01"]
[Round "-"]
[White "koekoekoe"]
[Black "uselessduffer"]
[Result "0-1"]
[WhiteElo "2070"]
[BlackElo "2445"]
[TimeControl "300"]
[EndTime "12:02:43 PDT"]
[Termination "uselessduffer won on time"]

1. d4 Nf6 2. Bf4 e6 3. e3 c5 4. c3 cxd4 5. cxd4 b6 6. Nc3 Be7 7. Nf3 O-O 8. Be2 Bb7 9. h3 Nc6 10. O-O Rc8 11. Rc1 d6 12. Qa4 Na5 13. Nb5 Bc6 14. Qd1 Qd7 15. a4 Nd5 16. Bg3 a6 17. Nc3 Nxc3 18. Rxc3 Bxa4 19. Qa1 Rxc3 20. bxc3 Bb5 21.
Bxb5 Qxb5 22. Rb1 Qc6 23. Qb2 b5 24. Ra1 Nc4 25. Qa2 Ra8 26. Nd2 Nxd2 27. Qxd2 d5 28. f3 a5 29. Be1 a4 30. Qb2 g6 31. Rb1 Rb8 32. Kf2 Qc4 33. Qe2 Qxe2+ 34. Kxe2 Kf8 35. Kd3 Ke8 36. e4 Kd7 37. exd5 exd5 38. Bd2 Bd6 39. Re1 Re8 40. Rb1 Kc6 41. Be3 h5 42. g3 Bxg3 43. f4 Bh4 44. Rf1 a3 45. Ra1 Be7 46. Bc1 Bd6 47. Kc2 Re1 48. Kb3 Bxf4 49.
Rxa3 Rxc1 50. Ra6+ Kd7 51. Rf6 Bd2 52. Rxf7+ Ke6 53.
Rb7 Rxc3+ 54. Kb2 Rc4 55. Rxb5 Rxd4 56. Rb6+ Kf5 57. Kc2 Bf4 58. Kc3 Be5 59. Rb8 Rc4+ 60.
Kb3 Rh4 61. Rf8+ Kg5 0-1

[Event "Live Chess"]
[Site "Chess.com"]
[Date "2024.06.01"]
[Round "-"]
[White "JanMur7"]
[Black "StoreySniper"]
[Result "1/2-1/2"]
[WhiteElo "2288"]
[BlackElo "2547"]
[TimeControl "300"]
[EndTime "12:02:44 PDT"]
[Termination "Game drawn by repetition"]

1. c4 g6 2. h4 Bg7 3. h5 c5 4. hxg6 hxg6 5. Rxh8 Bxh8 6. Qb3 Nc6 7.
Qh3 Bf6 8. Qh7 Kf8 9. Nf3 d6 10. a3 Bg7 11. d3 Nf6 12. Qh4 Ng4 13. Nc3 Nd4 14. Nxd4 cxd4 15. Nd5 Be6 16. Nf4 Bf5 17. g3 e5 18. Qxd8+ Rxd8 19. Nd5 Be6 20. Bg5 f6 21.
Bd2 f5 22. Bg5 Rd7 23. Rc1 Bh6 24. Bxh6+ Nxh6 25. Bg2 Bxd5 26. Bxd5 b6 27. b4 Rc7 28. f3 Kg7 29. Kd2 f4 30. g4 Nf7 31.
Bxf7 Kxf7 32. Rh1 Kg7 33. Rc1 a6 34. Kc2 Kf6 35. Kb3 Rh7 36. c5 bxc5 37. bxc5 Rb7+ 38. Ka2 Rc7 39. c6 Ke6 40. Kb3 Kd5 41. Kb4 Rxc6 42.
Rxc6 Kxc6 43. Ka5 Kb7 44. a4 Ka7 45. Kb4 Kb6 46. Kc4 Kc6 47. Kb4 g5 48. Ka5 Kb7 49. Kb4 Kb6 50. Kc4 Kc6 51. Kb4 d5 52. Ka5 Kb7 53.
Kb4 Kb6 54. Ka3 Kc5 55. Kb3 e4 56. Ka3 Kb6 57. Kb3 Kc6 58. Kb4 Kb6 59. Kb3 Ka5 60.
Ka3 exf3 61. exf3 Kb6 62. Kb4 Kb7 63. Ka3 Kb6 64. Kb3 a5 65. Ka3 Kc5 66. Kb3 Kd6 67.
Ka3 Kc6 68. Kb3 Kc5 69. Ka3 Kb6 70. Kb3 Ka6 71. Ka3 Ka7 72. Kb3 Ka8 73. Ka3 Kb8 74.
Kb3 Kc8 75. Ka3 Kd8 76. Kb3 Ke8 77. Ka3 Kf7 78. Kb3 Kg6 79. Ka3 Kf7 80. Kb3 Kg6 81.
Ka3 Kf7 1/2-1/2

[Event "Live Chess"]
[Site "Chess.com"]
[Date "2024.06.01"]
[Round "-"]
[White "imchessive"]
[Black "Andysav3"]
[Result "0-1"]
[WhiteElo "1577"]
[BlackElo "1880"]
[TimeControl "300"]
[EndTime "12:02:47 PDT"]
[Termination "Andysav3 won by checkmate"]

1. d4 Nf6 2. c4 e5 3. dxe5 Ng4 4. Nf3 Bc5 5. e3 Nc6 6. Nc3 O-O 7. Be2 Re8 8. h3 Ngxe5 9. O-O d6 10. Nd5 Be6 11. a3 a5 12. b3 Qd7 13. Bb2 f6 14. e4 Qf7 15. Bc3 Nxf3+ 16. Bxf3 Bxd5 17. cxd5 Ne5 18. Bxe5 fxe5 19. Qc2 g6 20. Rfc1 h5 21. b4 axb4 22. axb4 Bb6 23. Rxa8 Rxa8 24. Qe2 Qf4 25.
Rb1 Kg7 26. g3 Qxg3+ 27. Bg2 Rf8 28. Rf1 h4 29. Qb5 Rxf2 30. Qd7+ Kh6 31. Qb5 Rxg2+ 32.
Kh1 Qh2# 0-1

[Event "Live Chess"]
[Site "Chess.com"]
[Date "2024.06.01"]
[Round "-"]
[White "Bradfield133"]
[Black "ProfPoisson"]
[Result "0-1"]
[WhiteElo "1912"]
[BlackElo "1278"]
[TimeControl "300"]
[EndTime "12:02:47 PDT"]
[Termination "ProfPoisson won by resignation"]

1. c4 e6 2. e4 Nc6 3. Nc3 Bb4 4. Nge2 Nf6 5. g3 O-O 6. Bg2 d5 7. cxd5 exd5 8. e5 Ne4 9. Nxe4 dxe4 10. O-O Nxe5 11. Bxe4 Bh3 12. Re1 f5 13. Qb3+ Kh8 14. Qxb4 fxe4 15. Qxe4 Nf3+ 16. Kh1 Nxe1 17. Nf4 Rxf4 0-1

[Event "Live Chess"]
[Site "Chess.com"]
[Date "2024.06.01"]
[Round "-"]
[White "Eva3337"]
[Black "TigerTank70"]
[Result "0-1"]
[WhiteElo "1143"]
[BlackElo "2193"]
[TimeControl "300"]
[EndTime "12:03:15 PDT"]
[Termination "TigerTank70 won by checkmate"]

1. e4 e5 2. Nf3 Nc6 3. c3 d5 4. exd5 Qxd5 5. Qe2 Be7 6. c4 Qa5 7. Nc3 Bg4 8. h3 Nd4 9. Qe4 Bf5 10. Qxb7 Nc2+ 11. Kd1 Rd8 12. c5 Nxa1 13. Nxe5 Qxc5 14. Nc6 Qxf2 15. Qxc7 Bc2# 0-1